 Seeded DCSS version 0.28.0 (webtiles) character file.

Game seed: 12455045527757981411 (custom seed)

71 Illumine the Shield-Bearer (level 4, -4/35 HPs)
             Began as a Formicid Fighter on Apr 10, 2022.
             Slain by Crazy Yiuf (5 damage)
             ... on level 3 of the Dungeon.
             The game lasted 00:01:51 (1818 turns).

Illumine the Shield-Bearer (Formicid Fighter)       Turns: 1818, Time: 00:01:52

Health: -4/35      AC:  6    Str: 23    XL:     4   Next: 47%
Magic:  4/4        EV: 14    Int:  7    God:
Gold:   80         SH:  4    Dex: 10    Spells: 3/3 levels left

rFire   . . .      SeeInvis +   a - +0 flail
rCold   . . .      Faith    .   c - +0 buckler
rNeg    . . .      Spirit   .   b - +0 scale mail
rPois   .          Reflect  .   (helmet unavailable)
rElec   .          Harm     .   (no cloak)
rCorr   .          Rampage  .   (no gloves)
Will    .....                   (no boots)
Stlth   ..........              (no amulet)
HPRegen 0.11/turn               (no ring)
MPRegen 0.09/turn               (no ring)

@: agile
A: permanent stasis, dig shafts and tunnels, antennae 3, four strong arms
a: Dig, Shaft Self


You were on level 3 of the Dungeon.
You visited 1 branch of the dungeon, and saw 3 of its levels.

You collected 80 gold pieces.

Inventory:

Hand Weapons
 a - a +0 flail (weapon)
Missiles
 k - 11 stones
Armour
 b - a +0 scale mail (worn)
 c - a +0 buckler (worn)
Scrolls
 i - a scroll of teleportation {unknown}
 m - a scroll of fear {unknown}
Potions
 d - a potion of might
 e - a potion of haste {unknown}
 f - a potion of invisibility {unknown}
 g - a potion of resistance {unknown}
 h - a potion of flight {unknown}
 j - a potion of lignification {unknown}
 l - a potion of mutation {unknown}


   Skills:
 - Level 3.2 Fighting
 * Level 3.7 Maces & Flails
 - Level 3.2 Armour
 + Level 4.5 Shields


You had 3 spell levels left.
You didn't know any spells.
Your spell library was empty.

Dungeon Overview and Level Annotations

Branches:
Dungeon (3/15)

Altars:

Annotations:
D:3 Crazy Yiuf


Innate Abilities, Weirdness & Mutations

You cannot be hasted, slowed, berserked, paralysed or teleported.
You can dig through walls and to a lower floor.
You have a pair of large antennae on your head. (SInv)
Your four strong arms can wield two-handed weapons with a shield.


Message History

You kill the frilled lizard!
No target in view!
You now have 80 gold pieces (gained 20).
Things that are here:
a +0 short sword; a kobold corpse You open the door.
There is an open door here.
m - a scroll labelled ROUK FISEENGINN
There is an open door here.
Found a mace.
Found a runed translucent door.
Crazy Yiuf shouts!
You open the door.
Crazy Yiuf waves his quarterstaff at you.
You closely miss Crazy Yiuf.
Crazy Yiuf hits you with a +2 quarterstaff of chaos!
Crazy Yiuf freezes you.
You closely miss Crazy Yiuf. Crazy Yiuf closely misses you.
You sock Crazy Yiuf!
Crazy Yiuf is heavily wounded.
Crazy Yiuf hits you with a +2 quarterstaff of chaos.
Crazy Yiuf burns you.
You sock Crazy Yiuf!
Crazy Yiuf is almost dead.
Crazy Yiuf barely misses you. x2
You hit Crazy Yiuf but do no damage.
Crazy Yiuf is almost dead.
Crazy Yiuf completely misses you.
You barely miss Crazy Yiuf.
Crazy Yiuf is almost dead.
Crazy Yiuf hits you with a +2 quarterstaff of chaos!
You feel agile all of a sudden.
You closely miss Crazy Yiuf.
Crazy Yiuf is almost dead.
Crazy Yiuf completely misses you.
You barely miss Crazy Yiuf.
Crazy Yiuf is almost dead.
Crazy Yiuf hits you with a +2 quarterstaff of chaos!
* * * LOW HITPOINT WARNING * * *
Crazy Yiuf burns you.
You die...

#.....####....#
#.....# #....#
#.....# ♣....♣
####### ♣♣...♣
♣♣.♣♣ ♣♣.♣ ♣.♣♣
♣♣.♣ ♣@♣♣ #g#
... #...# #)..#
#####


You could see Crazy Yiuf.

Vanquished Creatures
  3 adders
  A dart slug (D:1)
  An orc (D:3)
  4 ball pythons
  4 endoplasms
  A giant cockroach (D:2)
  7 hobgoblins
  4 kobolds
  2 quokkas
  2 bats (D:1)
  4 frilled lizards
  3 goblins (D:2)
  2 rats (D:1)
38 creatures vanquished.

Notes
Turn   | Place    | Note
-------+----------+-------------------------------------------
     0 | D:1      | Illumine the Formicid Fighter began the quest for the Orb.
     0 | D:1      | Reached XP level 1. HP: 18/18 MP: 1/1
    45 | D:1      | Reached XP level 2. HP: 14/24 MP: 2/2
   428 | D:1      | Reached skill level 4 in Shields
   855 | D:1      | Reached XP level 3. HP: 29/29 MP: 3/3
   922 | D:1      | Found a faded altar of an unknown god.
  1605 | D:2      | Reached XP level 4. HP: 33/35 MP: 4/4
  1806 | D:3      | Found a runed translucent door.
  1807 | D:3      | Noticed Crazy Yiuf
  1818 | D:3      | HP: 1/35 [Crazy Yiuf (11)]
  1818 | D:3      | Slain by Crazy Yiuf

Illustrated notes

Levels and vault maps discovered:
D:1:      heliophobic_arrival_enchanted_forest, layout_loops_corners,
          nicolae_ecumenical_lake_church, minmay_misc_feat_room
D:2:      layout_loops_ring, serial_shops, nicolae_shop_advertising_works
          [nicolae_subvault_shop_adworks], uniq_natasha, uniq_sigmund
D:3:      layout_rooms, hangedman_abyss_or_decor_stabs, chequers_arboretum,
          minmay_fractal_squares_diagonal_5, uniq_crazy_yiuf_cottage

Skill      XL: |  1  2  3 |
---------------+----------+-----
Shields        | 4 |  4.5
Maces & Flails | 3 |  3.7
Fighting       | |  3.2
Armour         | |  3.2

Action                   |  1- 3 |  4- 6 || total
-------------------------+-------+-------++-------
Melee: Flail             |   107 |    34 ||   141
Armor: Scale mail        |    47 |     8 ||    55
Dodge: Dodged            |    56 |    21 ||    77
Block: Buckler           |    31 |     3 ||    34
